 Dungeon Crawl Stone Soup version 0.29.0-13-gc9e81de378 (webtiles) character file.

Game seed: 9235749907047804051

15 jammy the Trooper (level 2, -7/27 HPs)
             Began as a Ghoul Monk on Sept 7, 2022.
             Mangled by Natasha (9 damage)
             ... on level 2 of the Dungeon.
             The game lasted 00:00:58 (285 turns).

jammy the Trooper (Ghoul Monk)                       Turns: 285, Time: 00:00:59

Health: -7/27      AC:  2    Str: 14    XL:     2   Next: 50%
Magic:  1/1        EV: 12    Int:  5    God:
Gold:   13         SH:  0    Dex: 11    Spells: 1/1 levels left

rFire   + . .      SeeInvis .     - Unarmed
rCold   . . .      Faith    .   (no shield)
rNeg    + + +      Spirit   .   a - +0 robe
rPois   ∞          Reflect  .   (no helmet)
rElec   .          Harm     .   (no cloak)
rCorr   +          Rampage  .   (no gloves)
Will    .....                   (no boots)
Stlth   ++........              (no amulet)
HPRegen 0.00/turn               c - ring of resist corrosion
MPRegen 0.07/turn               e - ring of fire

@: inhibited regen, slowed, very slow
A: claws 1, cold resistance 1, negative energy resistance 3, inhibited
regeneration, torment resistance 2, devour on kill
a: no special abilities


You were on level 2 of the Dungeon.
You visited 1 branch of the dungeon, and saw 2 of its levels.

You collected 13 gold pieces.

Inventory:

Armour
 a - a +0 robe (worn)
Jewellery
 c - a ring of resist corrosion (left claw)
 e - a ring of fire (right claw)
Scrolls
 f - a scroll of identify {unknown}
Potions
 b - a potion of ambrosia
 d - a potion of brilliance {unknown}
 g - a potion of might {unknown}


   Skills:
 + Level 3.7 Fighting
 + Level 2.8 Dodging
 + Level 2.2 Stealth
 + Level 3.6 Unarmed Combat


You had one spell level left.
You didn't know any spells.
Your spell library was empty.

Dungeon Overview and Level Annotations

Branches:
Dungeon (2/15)

Altars:

Annotations:
D:2 Natasha


Innate Abilities, Weirdness & Mutations

You are immune to poison.
You have sharp fingernails.
Your flesh is cold resistant. (rC+)
You are immune to negative energy. (rN+++)
You do not regenerate when monsters are visible.
You are immune to unholy pain and torment.
You thrive by killing the living.


Message History

You are too injured to fight recklessly!
You are too injured to fight recklessly!
You are too injured to fight recklessly!
You are too injured to fight recklessly!
You are too injured to fight recklessly!
You are too injured to fight recklessly!
You are too injured to fight recklessly!
You are too injured to fight recklessly!
You are too injured to fight recklessly!
You are too injured to fight recklessly!
You are too injured to fight recklessly!
You are too injured to fight recklessly!
You are too injured to fight recklessly!
You are too injured to fight recklessly!
You are too injured to fight recklessly!
You are too injured to fight recklessly!
You are too injured to fight recklessly!
You are too injured to fight recklessly!
You are too injured to fight recklessly!
You are too injured to fight recklessly!
You are too injured to fight recklessly!
You are too injured to fight recklessly!
You are too injured to fight recklessly!
Unknown command.
You scratch the adder.
The adder is heavily wounded.
Natasha claws you. The adder bites you.
* * * LOW HITPOINT WARNING * * *
The dart slug bites you but does no damage.
Natasha closely misses you. The adder closely misses you.
You scratch the adder.
You kill the adder!
You feel better. The dart slug launches a dart at you. The slug dart hits you.
* * * LOW HITPOINT WARNING * * *
The frilled lizard bites you.
* * * LOW HITPOINT WARNING * * *
Natasha claws you!
You die...

#....# #...... #....#
#...... #....# #......
#....# ##...... #....#
#.######
#....#######.######
#+####.................+
..........#######.######
......h@.#............).
>......wl#!#############
.........#.#
.........#.#
.........#.#
.........#.#
...........#
...........#


You could see Natasha, a dart slug and a frilled lizard.

Vanquished Creatures
  An adder (D:2)
  2 endoplasms (D:1)
  2 goblins
  2 hobgoblins (D:1)
  A kobold (D:1)
  2 ball pythons (D:1)
  A frilled lizard (D:2)
  5 rats
16 creatures vanquished.

Notes
Turn   | Place    | Note
-------+----------+-------------------------------------------
     0 | D:1      | jammy the Ghoul Monk began the quest for the Orb.
     0 | D:1      | Reached XP level 1. HP: 19/19 MP: 0/0
    81 | D:1      | Reached XP level 2. HP: 25/26 MP: 1/1
   278 | D:2      | Noticed Natasha
   285 | D:2      | Mangled by Natasha

Illustrated notes

Levels and vault maps discovered:
D:1:      noname_arrival_rooms_in_the_neighbourhood, layout_basic
D:2:      layout_basic, shapermc_ecumenical_altar_venn, uniq_robin, uniq_natasha

Action                   || total
-------------------------++-------
Melee: Unarmed           ||    49
 Stab: Sleeping          ||     2
Armor: Robe              ||     6
Dodge: Dodged            ||    28
